 Dungeon Crawl Stone Soup version 0.23-a0-207-g93a313e (webtiles) character file.

5035 iamserjio the Grappler (level 10, -2/81 HPs)
             Began as a White Draconian Wanderer on Sept 24, 2018.
             Was a Believer of Hepliaklqana.
             Slain by a troll (11 damage)
             ... on level 9 of the Dungeon.
             The game lasted 00:19:19 (10104 turns).

iamserjio the Grappler (White Draconian Wanderer)  Turns: 10104, Time: 00:19:20

Health: -2/81      AC: 11    Str: 17    XL:     10   Next: 30%
Magic:  17/17      EV: 11    Int: 16    God:    Hepliaklqana [**....]
Gold:   344        SH:  5    Dex: 11    Spells: 18/18 levels left

rFire    . . .     SeeInvis .     - Unarmed
rCold    + . .     Gourm    .   d - +1 buckler
rNeg     . . .     Faith    .   (armour unavailable)
rPois    .         Spirit   .   (helmet restricted)
rElec    .         Reflect  .   (no cloak)
rCorr    .         Harm     .   c - +1 pair of gloves
MR       +....                  y - +1 pair of boots
Stlth    +.........             b - amulet of rage
HPRegen  0.23/turn              z - ring of protection from magic
MPRegen  0.15/turn              l - +3 ring of strength

@: short of breath
A: breathe frost, unfitting armour, reduced essence, cold resistance 1,
cold-blooded, AC +7
a: Breathe Frost, Recall Ancestor, Ancestor Identity, Renounce Religion, Evoke
Berserk Rage


You were on level 9 of the Dungeon.
You worshipped Hepliaklqana.
Hepliaklqana was pleased with you.
You were not hungry.

You visited 2 branches of the dungeon, and saw 10 of its levels.

You collected 344 gold pieces.

Inventory:

Hand Weapons
 g - a +0 blowgun
 G - a +0 longbow
 L - a +0 scimitar of flaming
Missiles
 a - 7 poisoned javelins
 h - 89 arrows
 k - a throwing net (quivered) {!f}
 s - 2 poisoned needles
Armour
 c - a +1 pair of gloves (worn)
 d - a +1 buckler (worn)
 y - a +1 pair of boots (worn)
Jewellery
 b - an amulet of rage (around neck)
 l - a +3 ring of strength (right hand)
 t - an uncursed amulet of magic regeneration
 z - a ring of protection from magic (left hand)
Wands
 i - a wand of clouds (7)
 H - a wand of disintegration (10)
Scrolls
 m - a scroll of magic mapping {unknown}
 n - 4 scrolls of blinking
 o - a scroll of noise {unknown}
 p - 8 scrolls of remove curse {@r2}
 q - 5 scrolls of immolation {unknown}
 r - a scroll of fear
 w - a scroll of teleportation {unknown}
 x - 2 scrolls of random uselessness {unknown}
 C - a scroll of enchant weapon {unknown}
 J - a scroll of amnesia {unknown}
Potions
 v - 2 potions of flight
 A - 3 potions of curing {@q1}
 B - a potion of brilliance {unknown}
 D - a potion of might {unknown}
 E - 4 potions of mutation {unknown}
Comestibles
 f - 12 rations
 u - 4 chunks of flesh


   Skills:
 + Level 9.0 Fighting
   Level 2.0 Staves
 - Level 1.0 Stealth
 + Level 3.9 Shields
 + Level 11.3 Unarmed Combat
 + Level 4.7 Spellcasting
   Level 1.0 Conjurations
 + Level 2.7 Invocations
 + Level 1.2 Evocations


You had 18 spell levels left.
You didn't know any spells.
Your spell library was empty.

Dungeon Overview and Level Annotations

Branches:
Dungeon (9/15)             Temple (1/1) D:5
   Lair: D:8-11         Orc: D:9-12

Altars:
Ashenzari
Cheibriados
Elyvilon
Fedhas
Gozag
Hepliaklqana
Makhleb
Ru
Zin


Innate Abilities, Weirdness & Mutations

You can breathe waves of freezing cold.
You can buffet flying creatures when you breathe cold.
Your icy white scales are hard. (AC +7)
You cannot fit into any form of body armour.
Your flesh is cold resistant. (rC+)
You are cold-blooded and may be slowed by cold attacks.
Your life essence is reduced to manifest your ancestor. (-10% HP)


Message History

You have got your breath back.
You feel much better. The troll bites you. The troll claws you!
The troll claws you but does no damage.
Found a leather armour.
The troll barely misses you. x2; The troll claws you.
Ahhotep hits the troll with a flail.
Aim: a troll (moderately wounded)
You exhale a wave of freezing cold.
The freezing breath hits the troll.
You feel somewhat more hungry.
You closely miss the troll. The troll bites you! You block the troll's attack.
The troll claws you!
* * * LOW HITPOINT WARNING * * *
Ahhotep hits the troll with a flail!
You hit the troll but do no damage. The troll bites you but does no damage.
The troll closely misses you. x2
You hit the troll but do no damage.
Ahhotep closely misses the troll.
The troll bites you!
* * * LOW HITPOINT WARNING * * *
The troll closely misses you. The troll claws you!
You die...

#######.....
...........
...........
........[.
.........#
#......#
#......#
#....@.# #
######T#####...
.......#
#R........
.......#
#........#
.......#
#.######.#
.......# #.#
.......# ##.#
.......# +..#
.......# #..#


You could see the friendly Ahhotep the knight and a troll.

Vanquished Creatures
  Erica (D:8)
  Pikel (D:4)
  Joseph (D:7)
  A troll (D:8)
  A slime creature (D:5)
  A wraith (D:8)
  A water moccasin (D:6)
  Duvessa (D:6)
  2 sky beasts (D:5)
  A necrophage (D:8)
  An ice beast (D:6)
  A black bear (D:9)
  3 ogres
  A centaur (D:6)
  4 big kobolds (D:5)
  2 bullfrogs (D:6)
  Dowan (D:6)
  A scorpion (D:4)
  A vampire bat (D:4)
  7 wights
  2 howler monkeys
  3 crimson imps
  6 jellies
  A hound (D:9)
  2 bullfrog skeletons (D:6)
  3 centaur skeletons
  2 iguanas
  2 worker ants
  2 hound zombies
  A hound skeleton (D:5)
  A howler monkey skeleton (D:4)
  5 adders
  2 shadow imps
  6 oozes
  An adder zombie (D:7)
  4 adder skeletons
  3 worms
  3 dart slugs
  5 leopard geckos
  2 orcs
  6 giant cockroaches
  9 goblins
  3 hobgoblins
  4 jackals
  3 quokkas
  2 ball pythons
  16 bats
  7 frilled lizards
  7 kobolds
  2 leopard gecko skeletons (D:5)
  15 rats
163 creatures vanquished.

Vanquished Creatures (collateral kills)
  A hippogriff (D:8)
  A sky beast (D:8)
  An ogre (D:8)
  A bullfrog (D:8)
  A crimson imp (D:6)
  An ooze (D:5)
  An adder zombie (D:6)
  An orc (D:5)
8 creatures vanquished.

Vanquished Creatures (others)
  A knight (D:8)
  A worker ant (D:4)
  2 ancestors
  A giant cockroach (D:4)
  8 fungi (D:5)
  6 toadstools (D:5)
19 creatures vanquished.

Grand Total: 190 creatures vanquished

Notes
Turn   | Place    | Note
-------+----------+-------------------------------------------
     0 | D:1      | iamserjio the Draconian Wanderer began the quest for the
                  | Orb.
     0 | D:1      | iamserjio set off with: a +2 dagger, a potion of berserk
                  | rage, a +0 quarterstaff, a +0 buckler, a ration
     0 | D:1      | Reached XP level 1. HP: 14/14 MP: 5/5
   286 | D:1      | Reached skill level 1 in Unarmed Combat
   286 | D:1      | Reached XP level 2. HP: 19/22 MP: 7/7
   334 | D:1      | Reached skill level 1 in Fighting
   895 | D:1      | Reached skill level 2 in Unarmed Combat
  1144 | D:2      | Reached XP level 3. HP: 28/28 MP: 8/8
  1744 | D:2      | Found an opulent altar of Gozag.
  1802 | D:2      | Found a sacrificial altar of Ru.
  2188 | D:2      | Reached XP level 4. HP: 34/36 MP: 10/10
  2258 | D:2      | Reached skill level 3 in Unarmed Combat
  3866 | D:4      | Noticed Pikel
  3866 | D:4      | Noticed a slave
  3866 | D:4      | Noticed a slave
  3866 | D:4      | Noticed a slave
  3877 | D:4      | Killed Pikel
  3877 | D:4      | Reached skill level 5 in Unarmed Combat
  3877 | D:4      | Reached XP level 5. HP: 46/47 MP: 11/11
  3877 | D:4      | Reached XP level 6. HP: 51/53 MP: 12/12
  3877 | D:4      | Your scales start taking on an icy white colour.
  3877 | D:4      | Reached XP level 7. HP: 59/60 MP: 13/13
  3877 | D:4      | Gained mutation: Your flesh is cold resistant. (rC+) [White
                  | Draconian growth]
  4110 | D:4      | Reached skill level 6 in Unarmed Combat
  5210 | D:5      | Entered Level 5 of the Dungeon
  5373 | D:5      | Reached skill level 5 in Fighting
  6045 | D:5      | Reached skill level 7 in Unarmed Combat
  6132 | D:5      | Found a staircase to the Ecumenical Temple.
  6154 | Temple   | Entered the Ecumenical Temple
  6159 | Temple   | Became a worshipper of Hepliaklqana the Forgotten
  6297 | D:5      | Reached XP level 8. HP: 61/63 MP: 14/14
  6312 | D:5      | Reached skill level 8 in Unarmed Combat
  6376 | D:5      | Noticed a slime creature
  6400 | D:5      | Killed a slime creature
  6834 | D:6      | Reached skill level 9 in Unarmed Combat
  7004 | D:6      | Noticed Duvessa
  7004 | D:6      | Noticed Dowan
  7024 | D:6      | Killed Duvessa
  7024 | D:6      | Reached XP level 9. HP: 71/71 MP: 15/15
  7025 | D:6      | Killed Dowan
  7284 | D:6      | Reached * piety under Hepliaklqana
  7344 | D:6      | Reached skill level 10 in Unarmed Combat
  7816 | D:7      | Noticed Joseph
  7832 | D:7      | Killed Joseph
  8159 | D:7      | Found the +7 sceptre of Torment
  8647 | D:8      | Reached skill level 1 in Invocations
  8773 | D:8      | Reached skill level 11 in Unarmed Combat
  9399 | D:8      | Noticed Erica
  9433 | D:8      | Killed Erica
  9433 | D:8      | Reached XP level 10. HP: 45/81 MP: 16/16
  9830 | D:9      | Reached ** piety under Hepliaklqana
  9836 | D:8      | Remembered your ancestor Ahhotep as a knight
 10104 | D:9      | Slain by a troll

Vault maps used:
D:1:      minmay_arrival_nine_rooms
D:2:      nicolae_overflow_crystal_walls, first_ration, kennysheep_minor_cross,
          nicolae_ru_awakened_eye
D:4:      roderic_batcave, uniq_pikel
D:5:      cheibrodos_fertilizer, minmay_temple_entry_trees, serial_bayou_lake_a
D:6:      kennysheep_pointless_box, uniq_duvessa
D:7:      uniq_joseph
D:8:      uniq_erica
Temple:   grunt_wide_crystal_templ

Skill      XL: |  1  2  3  4  5  6  7  8  9 10 |
---------------+-------------------------------+-----
Unarmed Combat | 1 2 5 7 9 11 | 11.3
Fighting       | 1 2 4 5 7 8 9 |  9.0
Shields        | 3 |  3.9
Invocations    | 2 |  2.7
Staves         | |  2.0
Stealth        | |  1.0
Spellcasting   | |  4.7
Conjurations   | |  1.0
Evocations     | |  1.2

Action                   |  1- 3 |  4- 6 |  7- 9 | 10-12 || total
-------------------------+-------+-------+-------+-------++-------
Melee: Quarterstaff      |   124 |   114 |    95 |       ||   333
       Tailslap          |     9 |    11 |    47 |     1 ||    68
       Unarmed           |     4 |       |   285 |    31 ||   320
       Punch             |       |       |    10 |       ||    10
Invok: Recall Ancestor   |       |       |     1 |     2 ||     3
       Ancestor Life: Kn |       |       |       |     1 ||     1
 Abil: Breathe Frost     |       |       |    12 |     2 ||    14
       Evoke Berserk Rag |       |       |     5 |       ||     5
Evoke: Wand              |       |       |       |     4 ||     4
  Use: Potion            |     3 |     1 |     3 |     1 ||     8
       Scroll            |       |     6 |     5 |     2 ||    13
 Stab: Sleeping          |     5 |     1 |     4 |       ||    10
       Distracted        |       |       |     2 |       ||     2
       Invisible         |       |       |     1 |       ||     1
  Eat: Chunk             |     4 |     5 |    15 |       ||    24
       Ration            |       |       |     3 |     1 ||     4
Armor: Skin              |    47 |    32 |   118 |     9 ||   206
Dodge: Dodged            |    79 |    72 |   187 |    22 ||   360
Block: Buckler           |       |       |    10 |     8 ||    18

Table legend:
 A = Non-vault XP
 B = Vault XP
 C = Vault XP percentage of total XP
 D = Non-vault monster count
 E = Vault monster count
 F = Vault count percentage of total count
                 A         B        C        D         E       F
            +---------+---------+-------+---------+---------+-------
      Total |    4066 |    3128 |  43.5 |     143 |      28 |  16.4
            +---------+---------+-------+---------+---------+-------
        D:1 |      37 |       0 |   0.0 |      20 |       0 |   0.0
        D:2 |      72 |       0 |   0.0 |      28 |       0 |   0.0
        D:3 |      50 |       0 |   0.0 |      23 |       0 |   0.0
        D:4 |     143 |     651 |  82.0 |       7 |       8 |  53.3
        D:5 |     403 |     912 |  69.4 |      12 |      16 |  57.1
        D:6 |    1009 |     219 |  17.8 |      19 |       2 |   9.5
        D:7 |     344 |     423 |  55.1 |      10 |       1 |   9.1
        D:8 |    1671 |     923 |  35.6 |      19 |       1 |   5.0
        D:9 |     337 |       0 |   0.0 |       5 |       0 |   0.0
            +---------+---------+-------+---------+---------+-------
